 Dungeon Crawl Stone Soup version 0.28-a0-1143-gcf6077d4cc (webtiles) character file.

Game seed: 10956738210109097250

40149 Foxy the Fighter (level 13, -2/118 HPs)
             Began as a Demigod Ice Elementalist on Dec 13, 2021.
             Slain by an entropy weaver simulacrum (9 damage)
             ... in an ice cave.
             The game lasted 00:40:20 (18320 turns).

Foxy the Fighter (Demigod Ice Elementalist)        Turns: 18320, Time: 00:40:21

Health: -2/118     AC:  7    Str:  9    XL:     13   Next: 38%
Magic:  22/22      EV: 16    Int: 33    God:
Gold:   1094       SH: 12    Dex: 14    Spells: 9/20 levels left

rFire   . . .      SeeInvis .   K - +11 war axe of Unwe {pain, rElec rF+ rN+}
rCold   + + .      Faith    .   T - +2 buckler
rNeg    + . .      Spirit   .   U - +0 troll leather armour
rPois   .          Reflect  +   Z - +0 helmet
rElec   +          Harm     .   (no cloak)
rCorr   +          Rampage  .   v - +0 pair of gloves of the Ant {rC+}
Will    +....                   m - +0 pair of boots
Stlth   ++........              F - amulet of reflection
HPRegen 1.09/turn               i - ring of ice
MPRegen 0.18/turn               a - ring of resist corrosion

@: no status effects
A: high mp 1, forlorn, divine attributes
a: no special abilities


You were in an ice cave.
You visited 2 branches of the dungeon, and saw 14 of its levels.
You also visited: Bailey and Ice Cave.

You collected 1094 gold pieces.

Inventory:

Hand Weapons
 K - the +11 war axe of Unwe (weapon) {pain, rElec rF+ rN+}
   (You took it off an orc warrior on level 6 of the Dungeon)

   In the hands of one skilled in necromantic magic, it inflicts extra damage on
   living creatures.
   rF:        It protects you from fire.
   rElec:     It insulates you from electricity.
   rN:        It protects you from negative energy.
 S - a +3 trident of protection
Missiles
 R - 6 throwing nets
Armour
 m - a +0 pair of boots (worn)
 v - the +0 pair of gloves of the Ant (worn) {rC+}
   (You acquired it in a bailey)

   rC:        It protects you from cold.
 T - a +2 buckler (worn)
 U - a +0 troll leather armour (worn)
 Z - a +0 helmet (worn)
Magical Staves
 E - a staff of fire
Jewellery
 a - a ring of resist corrosion (right hand)
 i - a ring of ice (left hand)
 l - an amulet of guardian spirit
 x - an amulet of the acrobat
 F - an amulet of reflection (around neck)
 H - a ring of protection from fire
 P - a ring of ice
Wands
 b - a wand of mindburst (19)
 p - a wand of polymorph (10)
 y - a wand of charming (8)
 G - a wand of digging (4)
 N - a wand of paralysis (2) (quivered)
Scrolls
 c - 2 scrolls of blinking
 d - 7 scrolls of vulnerability
 g - a scroll of summoning
 k - 9 scrolls of enchant weapon
 o - 3 scrolls of teleportation
 t - a scroll of identify
 B - a scroll of torment
 C - 3 scrolls of brand weapon
 I - a scroll of immolation {unknown}
 L - 3 scrolls of fog
 M - a scroll of holy word {unknown}
 Q - a scroll of amnesia
 Y - 5 scrolls of enchant armour
Potions
 e - 5 potions of curing
 f - 6 potions of haste
 h - 3 potions of flight
 j - a potion of cancellation {unknown}
 n - 8 potions of might
 q - 2 potions of lignification {unknown}
 r - 2 potions of magic
 s - a potion of experience
 u - a potion of berserk rage {unknown}
 w - a potion of attraction {unknown}
 z - 3 potions of heal wounds
 J - 2 potions of mutation
 W - a potion of brilliance {unknown}


   Skills:
 + Level 12.0 Fighting
 - Level 10.0 Axes
 + Level 11.1 Dodging
 - Level 1.7 Stealth
 - Level 4.0 Shields
 - Level 4.0 Spellcasting
 - Level 11.0 Ice Magic


You had 9 spell levels left.
You knew the following spells:

 Your Spells              Type           Power      Damage    Failure   Level
a - Freeze                Ice            100%       1d11      1%          1
b - Frozen Ramparts       Ice            100%       1d12      1%          3
c - Ozocubu's Armour      Ice            87%        N/A       1%          3
d - Hailstorm             Conj/Ice       59%        3d13      8%          4

Your spell library contained the following spells:

 Spells                   Type           Power      Damage    Failure   Level
 Slow                     Hex            24%        N/A       8%          1
 Confusing Touch          Hex            6%         N/A       22%         3
 Tukima's Dance           Hex            6%         N/A       22%         3
 Leda's Liquefaction      Hex/Erth       3%         N/A       58%         4
 Passage of Golubria      Tloc           6%         N/A       58%         4
 Lee's Rapid Deconstruct  Erth           3%         3d6*      90%         5
 Yara's Violent Unravell  Hex/Tmut       3%         3d4       90%         5
 Statue Form              Tmut/Erth      4%         N/A       100%        6


Dungeon Overview and Level Annotations

Branches:
Dungeon (13/15)            Temple (0/1) D:5            Lair (1/6) D:10
    Orc (0/2) D:12         Vaults (0/5) D:13         Bailey (visited)
  IceCv (1/1)

Shops:
D:1 (

Annotations:
D:8 exclusions: obsidian statue and orange crystal statue IceCv exclusion: ice statue


Innate Abilities, Weirdness & Mutations

You have an increased reservoir of magic. (+10% MP)
You shall have no god before yourself.
Your divine heritage dramatically boosts your attributes as you level up.


Message History

The entropy weaver simulacrum freezes you!
You resist.
The entropy weaver simulacrum hits you but does no damage.
The entropy weaver simulacrum hits you.
The entropy weaver simulacrum freezes you.
You resist.
You slice the entropy weaver simulacrum!!
The entropy weaver simulacrum is severely damaged.
The entropy weaver simulacrum barely misses you.
You block the entropy weaver simulacrum's attack.
The entropy weaver simulacrum misses you.
You block the entropy weaver simulacrum's attack.
You barely miss the entropy weaver simulacrum.
The entropy weaver simulacrum is severely damaged.
You block the entropy weaver simulacrum's attack. x2
The entropy weaver simulacrum hits you.
The entropy weaver simulacrum freezes you!
You resist. The entropy weaver simulacrum hits you!
The entropy weaver simulacrum freezes you!
You resist.
You hit the entropy weaver simulacrum.
The entropy weaver simulacrum is severely damaged.
You block the entropy weaver simulacrum's attack.
The entropy weaver simulacrum hits you but does no damage. x2
The entropy weaver simulacrum hits you.
The entropy weaver simulacrum freezes you!
You resist.
* * * LOW HITPOINT WARNING * * *
You slash the entropy weaver simulacrum!
The entropy weaver simulacrum is almost destroyed.
The entropy weaver simulacrum hits you.
* * * LOW HITPOINT WARNING * * *
The entropy weaver simulacrum freezes you!
You resist.
* * * LOW HITPOINT WARNING * * *
The entropy weaver simulacrum hits you!
* * * LOW HITPOINT WARNING * * *
The entropy weaver simulacrum freezes you!
You resist.
You die...

#.8...8.#
+.......+
##.8...8.###
..........
#.8...8.#
+.......+
###.8...8.#
#.Z@......+
###+#...#+#
#.#...#
###...# #...#
##+#...#
#⌠$##'##
###44#...#
#.####...####


You could see an entropy weaver simulacrum.

Vanquished Creatures
  Josephine (D:11)
  Harold (Lair:1)
  A boulder beetle (D:12)
  Fannar (Lair:1)
  3 hydras
  An ogre mage (D:13)
  3 centaur warriors
  4 two-headed ogres
  A skeletal warrior (D:12)
  5 orc knights (Bailey)
  Pikel (D:8)
  5 deep elf pyromancers
  2 ugly things (D:13)
  2 cyclopes (D:12)
  2 manticores
  An ice statue (IceCv)
  6 gargoyles
  Maggie (Lair:1)
  A cane toad (Lair:1)
  3 unseen horrors
  A yaktaur (shapeshifter) (D:13)
  3 ice devils (IceCv)
  8 trolls
  An entropy weaver simulacrum (IceCv)
  A hornet (D:12)
  5 slime creatures (D:13)
  Sigmund (D:3)
  A shadow (D:11)
  A wyvern (D:5)
  8 wraiths
  9 yaks
  A basilisk (D:13)
  Eustachio (D:4)
  3 vampire mosquitoes (D:13)
  A death yak simulacrum (Lair:1)
  An acid dragon (D:11)
  3 water moccasins
  Duvessa (D:6)
  13 orc warriors
  An ice beast (D:7)
  A sky beast (D:6)
  2 black bears (D:10)
  2 necrophages
  12 centaurs
  2 ogres
  3 lemures (D:8)
  2 kobold brigands (D:7)
  A phantom (D:5)
  Blork the orc (D:6)
  7 bullfrogs
  A gnoll sergeant (D:8)
  2 scorpions
  A water moccasin zombie (D:5)
  Dowan (D:6)
  16 killer bees
  An elephant simulacrum (IceCv)
  4 howler monkeys
  5 hounds
  4 centaur zombies
  A bullfrog skeleton (D:6)
  4 orc priests
  A gnoll shaman (D:9)
  4 iguanas
  9 orc wizards
  A troll simulacrum (IceCv)
  A wolf simulacrum (Lair:1)
  2 hound skeletons
  A howler monkey zombie (D:9)
  15 gnolls
  6 adders
  2 shadow imps
  4 white imps
  3 ufetubi
  2 worms
  4 dart slugs
  70 orcs
  9 ball pythons
  9 endoplasms
  2 giant cockroaches
  5 goblins
  6 hobgoblins
  2 jackals (D:3)
  18 kobolds
  5 quokkas
  4 bats
  12 frilled lizards
  2 rats
381 creatures vanquished.

Vanquished Creatures (others)
  A deep elf knight (D:12)
  42 fungi
  44 plants
87 creatures vanquished.

Grand Total: 468 creatures vanquished

Notes
Turn   | Place    | Note
-------+----------+-------------------------------------------
     0 | D:1      | Foxy the Demigod Ice Elementalist began the quest for the
                  | Orb.
     0 | D:1      | Reached XP level 1. HP: 14/14 MP: 5/5
   260 | D:1      | Reached XP level 2. HP: 13/22 MP: 7/7
   787 | D:1      | Reached skill level 1 in Fighting
  1281 | D:1      | Found Ackidech's Weapon Shop.
  1334 | D:1      | Reached XP level 3. HP: 28/28 MP: 2/8
  1862 | D:2      | Learned a level 3 spell: Frozen Ramparts
  3941 | D:3      | Noticed Sigmund
  3948 | D:3      | Killed Sigmund
  3949 | D:3      | Reached skill level 2 in Fighting
  3949 | D:3      | Reached skill level 5 in Ice Magic
  3949 | D:3      | Reached XP level 4. HP: 21/37 MP: 1/9
  3949 | D:3      | Reached XP level 5. HP: 24/42 MP: 1/10
  4355 | D:4      | Learned a level 3 spell: Ozocubu's Armour
  4521 | D:4      | Noticed Eustachio
  4538 | D:4      | Killed Eustachio
  4539 | D:4      | Reached XP level 6. HP: 29/50 MP: 3/11
  4890 | D:4      | You fall into a shaft and drop 3 floors!
  4932 | D:7      | Reached skill level 3 in Fighting
  5221 | D:7      | Noticed a two-headed ogre
  5267 | D:6      | Reached skill level 1 in Shields
  5267 | D:6      | Reached XP level 7. HP: 28/57 MP: 8/12
  5612 | D:6      | Noticed Blork the orc
  5618 | D:6      | Killed Blork the orc
  5905 | D:6      | Noticed a two-headed ogre
  6085 | D:6      | Reached skill level 4 in Fighting
  6088 | D:6      | Reached XP level 8. HP: 45/66 MP: 0/13
  6319 | D:5      | Entered Level 5 of the Dungeon
  7638 | D:5      | Reached skill level 5 in Dodging
  8173 | D:5      | Found a staircase to the Ecumenical Temple.
  8746 | D:6      | Reached skill level 5 in Fighting
  8872 | D:6      | Noticed Dowan
  8873 | D:6      | Noticed Duvessa
  8929 | D:5      | Reached XP level 9. HP: 74/74 MP: 9/14
  9073 | D:6      | Killed Duvessa
  9080 | D:6      | Killed Dowan
  9216 | D:6      | Learned a level 4 spell: Hailstorm
  9395 | D:6      | Identified the +11 war axe of Unwe {pain, rElec rF+ rN+}
  9539 | D:6      | Reached skill level 1 in Axes
 10510 | D:7      | Killed a two-headed ogre
 10511 | D:7      | Reached skill level 6 in Fighting
 10803 | D:8      | Noticed Pikel
 10832 | D:8      | Killed Pikel
 10833 | D:8      | Reached XP level 10. HP: 83/83 MP: 8/15
 11130 | D:8      | Noticed an obsidian statue
 11374 | D:8      | Noticed an orange crystal statue
 11858 | D:9      | Reached skill level 10 in Ice Magic
 12013 | D:9      | Found a flagged portal.
 12025 | Bailey   | Entered a bailey
 12061 | Bailey   | Reached skill level 8 in Fighting
 12061 | Bailey   | Reached XP level 11. HP: 94/94 MP: 11/17
 12162 | Bailey   | Acquired the +0 pair of gloves of the Ant {rC+}
 12368 | Bailey   | Noticed an orc knight
 12404 | Bailey   | Killed an orc knight
 12444 | Bailey   | Noticed an orc knight
 12469 | Bailey   | Killed an orc knight
 12518 | Bailey   | Noticed an orc knight
 12538 | Bailey   | Killed an orc knight
 12605 | Bailey   | Noticed an orc knight
 12636 | Bailey   | Killed an orc knight
 12673 | Bailey   | Noticed an orc knight
 12697 | Bailey   | Killed an orc knight
 12810 | D:9      | Noticed a two-headed ogre
 12822 | D:9      | Killed a two-headed ogre
 13031 | D:9      | Noticed a balrug
 13333 | D:10     | Entered Level 10 of the Dungeon
 13523 | D:10     | Found a staircase to the Lair.
 13562 | D:10     | Reached skill level 9 in Fighting
 14095 | D:10     | Reached XP level 12. HP: 87/104 MP: 21/21
 14321 | D:11     | Noticed an eight-headed hydra
 14335 | D:11     | Killed an eight-headed hydra
 14476 | D:11     | Noticed a four-headed hydra
 14683 | D:11     | Killed a four-headed hydra
 14865 | D:11     | Noticed Josephine
 14884 | D:11     | Killed Josephine
 15359 | D:12     | Found a staircase to the Orcish Mines.
 15719 | D:12     | Noticed a centaur warrior
 15730 | D:12     | Killed a centaur warrior
 15731 | D:12     | Reached skill level 10 in Fighting
 15924 | D:12     | Noticed a boulder beetle
 15933 | D:12     | Killed a boulder beetle
 15934 | D:12     | Reached skill level 10 in Axes
 15937 | D:12     | Noticed a six-headed hydra
 15944 | D:12     | Killed a six-headed hydra
 16893 | D:13     | Noticed an ogre mage
 16910 | D:13     | Reached skill level 11 in Fighting
 16910 | D:13     | Reached skill level 10 in Dodging
 16910 | D:13     | Reached XP level 13. HP: 67/116 MP: 15/22
 17591 | D:13     | Found a gate to the Vaults.
 17906 | Lair:1   | Entered Level 1 of the Lair of Beasts
 17907 | Lair:1   | Noticed Maggie
 17928 | Lair:1   | Killed Maggie
 17976 | Lair:1   | Noticed Harold
 17987 | Lair:1   | Killed Harold
 18007 | Lair:1   | Found a frozen archway.
 18007 | Lair:1   | Noticed Fannar
 18050 | Lair:1   | Killed Fannar
 18111 | IceCv    | Entered an ice cave
 18231 | IceCv    | Reached skill level 12 in Fighting
 18320 | IceCv    | Slain by an entropy weaver simulacrum

Illustrated notes

Levels and vault maps discovered:
D:1:      wander_arrival_chamber, layout_basic, serial_shops,
          nicolae_shop_bloodbath_and_beyond, shapermc_ecumenical_altar_pompeii,
          minmay_lizard_king
D:2:      layout_loops_ring, serial_co_window_serial, co_window_paths_b,
          co_window_corner_a, co_window_of_opportunity_a,
          co_window_of_opportunity_a, co_window_corner_a, co_window_paths_b,
          co_window_paths_a, co_window_paths_b, co_window_paths_b,
          co_window_corner_b, co_window_2corner, co_window_corner_cb,
          co_window_2corner, co_window_paths_c, co_window_4corner_a,
          glass_columns_b, glass_columns_a, glass_columns_a, glass_columns_a,
          glass_columns_c
D:3:      layout_basic, nicolae_ru_path_of_blood,
          mainiacjoe_overflow_large_starburst, uniq_sigmund
D:4:      layout_loops_cross, st_stairs_3, uniq_eustachio
D:5:      layout_layer_cave, minmay_temple_entry_tees, grunt_decor_mini_mirrors,
          minmay_crystal_room
D:6:      minmay_clustersquares, layout_basic, uniq_blork_the_orc, uniq_duvessa
D:7:      layout_basic, eino_tiny_chamber, minivault_23
D:8:      minmay_separated_statues, layout_loops_ring, serial_park_tiny_2,
          uniq_pikel
D:9:      cheibrodos_statue_roulette, layout_long_grid,
          makhleb_altar_promises_db, mainiacjoe_overflow_six_doors_small,
          enter_bailey_2
D:10:     layout_roguey, okawaru_altar_gauntlet_db, due_lair_maze_entry_diamond
D:11:     layout_roguey, hangedman_decor_slide_cut, uniq_josephine
D:12:     minmay_razor_zed, layout_layer_cave, hiddenorc1_lemuel, minmay_radiant
D:13:     layout_irregular_city, david_vaults_2
Lair:1:   layout_concentric_octagons, portal_ice_cave_entry_ice_simulacra,
          uniq_fannar, uniq_maggie, uniq_harold
IceCv:    ice_cave_tombish

Skill      XL: |  1  2  3  4  5  6  7  8  9 10 11 12 13 |
---------------+----------------------------------------+-----
Dodging        | 2 3 4 5 6 7 10 11 | 11.1
Ice Magic      | 4 5 6 7 8 9 10 11 | 11.0
Fighting       | 1 2 3 4 5 6 8 9 11 12 | 12.0
Shields        | 1 2 4 |  4.0
Axes           | 3 7 8 10 | 10.0
Spellcasting   | 4 |  4.0
Stealth        | |  1.7

Action                   |  1- 3 |  4- 6 |  7- 9 | 10-12 | 13-15 || total
-------------------------+-------+-------+-------+-------+-------++-------
Melee: Dagger            |   144 |    24 |       |       |       ||   168
       Rapier            |       |     6 |       |       |       ||     6
       Falchion          |       |       |   140 |       |       ||   140
       War axe           |       |       |    61 |   425 |   167 ||   653
       Trident           |       |       |       |    51 |       ||    51
 Cast: Freeze            |    65 |    15 |    28 |       |       ||   108
       Frozen Ramparts   |     1 |     3 |    27 |    25 |     7 ||    63
       Ozocubu's Armour  |       |       |    25 |    20 |     8 ||    53
       Hailstorm         |       |       |       |     8 |       ||     8
Evoke: Wand              |       |       |     1 |    19 |       ||    20
  Use: Scroll            |       |       |       |    14 |     6 ||    20
       Potion            |       |       |       |     2 |     2 ||     4
 Stab: Sleeping          |     5 |     3 |     4 |     1 |       ||    13
       Distracted        |       |       |     1 |     1 |       ||     2
       Paralysed         |       |       |       |    21 |       ||    21
       Invisible         |       |       |       |       |     3 ||     3
Armor: Robe              |    42 |     8 |    45 |     1 |       ||    96
       Troll leather arm |       |       |       |   123 |    52 ||   175
Dodge: Dodged            |   125 |    20 |   187 |   353 |   126 ||   811
Block: Buckler           |       |     3 |    90 |   329 |   129 ||   551
       Reflection        |       |       |     5 |    15 |     7 ||    27

Table legend: (Time is in decaauts)
 A = Elapsed time spent in this place.
 B = Non-inter-level travel time spent in this place.
 C = Inter-level travel time spent in this place.
 D = Time resting spent in this place.
 E = Time spent auto-exploring this place.
 F = Levels seen in this place.
 G = Mean time per level.
                   A        B        C        D        E       F      G
               +--------+--------+--------+--------+--------+-----+--------+
         Total |  18475 |  17811 |    664 |   2776 |  11015 |  16 | 1154.7 |
       Dungeon |  17276 |  16612 |    664 |   2394 |  10982 |  13 | 1328.9 |
          Lair |    204 |    204 |      0 |     49 |      0 |   1 |  204.0 |
        Bailey |    785 |    785 |      0 |    236 |     33 |   1 |  785.0 |
      Ice Cave |    208 |    208 |      0 |     97 |      0 |   1 |  208.0 |
               +--------+--------+--------+--------+--------+-----+--------+

Top non-repeatable levels by time:
     D:6: 2235 daAuts
     D:1: 1856 daAuts
    D:12: 1576 daAuts
     D:5: 1548 daAuts
     D:7: 1460 daAuts
     D:4: 1306 daAuts
     D:3: 1247 daAuts
     D:2: 1197 daAuts
    D:13: 1140 daAuts
     D:8: 1052 daAuts
    D:10: 977 daAuts
    D:11: 930 daAuts
  Bailey: 785 daAuts
     D:9: 746 daAuts
   IceCv: 208 daAuts
